 Dungeon Crawl Stone Soup version 0.30-a0-778-g2ef04afb54 (webtiles) character file.

Game seed: 871763238774850660

3306 sircluck the Cleaver (level 9, -7/71 HPs)
             Began as a Demonspawn Chaos Knight on Feb 15, 2023.
             Was a Plaything of Xom.
             Mangled by an orc warrior
             ... wielding a +0 glaive
              (10 damage)
             ... in a bailey.
             The game lasted 00:13:55 (5525 turns).

sircluck the Cleaver (Demonspawn Chaos Knight)      Turns: 5525, Time: 00:13:55

Health: -7/71      AC:  9    Str: 20    XL:     9   Next: 70%
Magic:  9/9        EV: 13    Int: 15    God:    Xom [....*.]
Gold:   270        SH:  0    Dex: 15    Spells: 8/8 levels left

rFire   . . .      SeeInvis .    a - +0 hand axe (chaos)
rCold   . . .      Faith    +    (no shield)
rNeg    + . .      Spirit   .    b - +2 leather armour
rPois   .          Reflect  .    (no helmet)
rElec   +          Harm     .    y - +0 cloak
rCorr   .          Rampage  .    q - +0 pair of gloves
Will    +....                    (no boots)
Stlth   +++                      F - amulet "Komedeul" {Faith Int+3}
HPRegen 1.11/turn                i - ring of positive energy
MPRegen 0.11/turn                m - ring of willpower

@: no status effects
A: molten scales 1, powered by death 2, spiny 1, agile 1, regeneration 1,
electricity resistance, strong 1
a: Renounce Religion


You were in a bailey.
You worshipped Xom.
You were a beloved toy of Xom.
You visited 1 branch of the dungeon, and saw 7 of its levels.
You also visited: Bailey.

You collected 270 gold pieces.

Inventory:

Hand Weapons
 a - a +0 hand axe of chaos (weapon)
 x - a +3 hand axe
Missiles
 g - 18 poisoned darts
 H - 20 stones
Armour
 b - a +2 leather armour (worn)
 k - a +0 pair of gloves
 q - a +0 pair of gloves (worn)
 u - the +1 cloak of the Eight of Cups {Will+ Str+3 Slay-5 Stlth+}
   (You found it on level 3 of the Dungeon)

   Str:       It affects your strength (+3).
   Slay:      It affects your accuracy & damage with ranged weapons and melee
   (-5).
   Will:      It increases your willpower.
   Stlth:     It makes you more stealthy.
 y - a +0 cloak (worn)
 G - a +0 helmet
 N - a +0 helmet
Magical Staves
 j - a staff of poison
Jewellery
 f - an amulet of the acrobat
 i - a ring of positive energy (left hand)
 m - a ring of willpower (right hand)
 n - an amulet of magic regeneration
 p - a ring of fire
 v - a ring of resist corrosion
 F - the amulet "Komedeul" (around neck) {Faith Int+3}
   (Xom gifted it to you on level 5 of the Dungeon)

   [amulet of faith]

   It allows you to gain divine favour quickly.
   Int:       It affects your intelligence (+3).
Wands
 A - a wand of mindburst (5)
 C - a wand of flame (23)
 L - a wand of roots (13)
Scrolls
 o - 2 scrolls of fear {unknown}
 r - 5 scrolls of teleportation {unknown}
 s - 3 scrolls of enchant armour {unknown}
 t - 9 scrolls of identify {unknown}
 w - 2 scrolls of amnesia {unknown}
 B - 3 scrolls of poison {unknown}
 D - a scroll of enchant weapon {unknown}
 E - a scroll of vulnerability {unknown}
 J - a scroll of fog {unknown}
 O - 2 scrolls of immolation {unknown}
Potions
 d - a potion of flight {unknown}
 e - 5 potions of curing {unknown}
 h - a potion of mutation {unknown}
 l - a potion of heal wounds {unknown}
 z - 3 potions of lignification {unknown}
 I - 2 potions of degeneration {unknown}
 K - 2 potions of haste {unknown}
 M - 2 potions of might {unknown}
Miscellaneous
 c - a piece from Xom's chessboard (15/15) (quivered)


   Skills:
 + Level 6.6 Fighting
 + Level 9.0 Axes
 + Level 3.8 Armour
 + Level 4.4 Dodging
 + Level 5.2 Stealth
 + Level 0.9 Evocations


You had 8 spell levels left.
You didn't know any spells.
Your spell library contained the following spells:

 Spells                   Type           Power      Damage    Failure   Level
 Necrotise                Necr           0%         1d4       30%         1
 Dazzling Flash           Conj/Hex       0%         N/A       67%         3
 Vampiric Draining        Necr           0%         2d6       67%         3
 Iskenderun's Mystic Bla  Conj/Tloc      0%         2d3       97%         4
 Agony                    Necr           0%         N/A       100%        5
 Starburst                Conj/Fire      0%         6d3       100%        6


Dungeon Overview and Level Annotations

Branches:
Dungeon (7/15)             Temple (0/1) D:7          Bailey (1/1)

Altars:
Ashenzari
Gozag
Sif Muna
Xom


Innate Abilities, Weirdness & Mutations

You are partially covered in molten scales. (AC +2)
You regenerate health from kills.
You are partially covered in sharp spines.
You are agile. (Dex +4, Str/Int -1)
Your natural rate of healing is unusually fast.
You are resistant to electric shocks. (rElec)
Your muscles are strong. (Str +4, Int/Dex -1)


Message History

* * * LOW HITPOINT WARNING * * *
The orc warrior is struck by your spines.
The orc warrior barely misses you.
You closely miss the orc warrior.
The orc warrior is heavily wounded.
The orc warrior closely misses you. x2
You hit the orc warrior but do no damage.
The orc warrior evaporates and reforms as an adder!
The orc warrior closely misses you. The adder is struck by your spines.
The adder misses you.
You closely miss the adder.
The adder is lightly wounded.
The orc warrior misses you. The adder is struck by your spines.
The adder closely misses you.
You closely miss the adder.
The adder is heavily wounded.
The orc warrior hits you from afar with a +0 glaive!
* * * LOW HITPOINT WARNING * * *
The adder is struck by your spines. The adder bites you but does no damage.
You closely miss the adder.
The adder is almost dead.
The adder is struck by your spines.
You kill the adder!
The orc warrior closely misses you.
Your Axes skill increases to level 9!
The orc warrior hits you from afar with a +0 glaive.
* * * LOW HITPOINT WARNING * * *
The orc warrior is struck by your spines.
The orc warrior hits you with a +0 glaive.
* * * LOW HITPOINT WARNING * * *
Things that are here:
a +0 glaive; a +0 crystal plate armour You hit the orc warrior but do no damage.
The orc warrior is almost dead.
The orc warrior hits you with a +0 glaive.
* * * LOW HITPOINT WARNING * * *
You closely miss the orc warrior.
The orc warrior is severely wounded.
The orc warrior hits you with a +0 glaive!
You die...

##########..~~..###..~~..#####
#..........~~..## ##..~~......
#.~~~~~~~~~~..##.∩.##..~~~~~~~
#.~).).).....##.....##..[.....
#.~.#########'###+############
#.~.## ##........ # #.~..##
##..§≈≈≈≈≈≈ ## #.~~..##
##..§§§....≈ ##.
#∩.~~..#'#...@o§)∩⌠.. #..
##)~~..#'#..§§.§.⌠... #+#..
#.~~..##.##..§§§§...≈ ##.##.
#.)..##...+#.§≈≈≈.≈≈≈ #.$.##
#.~.##.....##.§§§.... .$$$.#
#.~.#############+############
#.~..))......## ##........
#.~~~~)~~~~~..## ##..~~~~~~[
#..........~~..## ##..~~......


You could see an orc warrior.

Vanquished Creatures
  A golden eye (D:6)
  A steam dragon (D:6)
  A redback (shapeshifter) (D:7)
  2 orc warriors
  2 ice beasts (D:7)
  A black bear (D:3)
  2 ogres
  A kobold brigand (D:6)
  4 lemures (D:4)
  2 necrophages
  A bullfrog (D:6)
  A jelly (D:4)
  3 scorpions
  8 wights
  3 hounds
  2 orc priests
  A gnoll bouda (D:5)
  3 orc wizards
  7 gnolls
  13 adders
  3 shadow imps
  A white imp (D:5)
  4 worms
  3 dart slugs
  36 orcs
  5 ball pythons
  5 bats
  4 endoplasms
  2 giant cockroaches
  7 goblins
  10 hobgoblins
  4 quokkas
  2 frilled lizards
  13 kobolds
  6 rats
164 creatures vanquished.

Vanquished Creatures (collateral kills)
  Pikel (D:4)
  Eustachio (D:6)
  A black bear (D:6)
  A wight (D:7)
  An orc priest (D:4)
  3 orcs
8 creatures vanquished.

Vanquished Creatures (others)
  An orc warrior (Bailey)
  A jelly (D:7)
  An iguana (D:6)
  3 orcs (D:7)
  An endoplasm zombie (D:2)
7 creatures vanquished.

Grand Total: 179 creatures vanquished

Notes
Turn   | Place    | Note
-------+----------+-------------------------------------------
     0 | D:1      | sircluck the Demonspawn Chaos Knight began the quest for
                  | the Orb.
     0 | D:1      | Reached XP level 1. HP: 18/18 MP: 1/1
    53 | D:1      | Gained mutation: You regenerate a little health from kills.
                  | [demonic ancestry]
    53 | D:1      | Reached XP level 2. HP: 18/24 MP: 2/2
    70 | D:1      | XOM: silly message
   157 | D:1      | Reached skill level 3 in Axes
   490 | D:2      | Gained mutation: You are partially covered in sharp spines.
                  | [demonic ancestry]
   490 | D:2      | Reached XP level 3. HP: 21/29 MP: 3/3
   707 | D:2      | Reached skill level 1 in Dodging
   723 | D:2      | XOM: noise
   726 | D:2      | Reached XP level 4. HP: 34/36 MP: 4/4
  1253 | D:3      | Reached skill level 4 in Axes
  1309 | D:3      | Identified the +1 cloak of the Eight of Cups {Will+ Str+3
                  | Slay-5 Stlth+}
  1335 | D:3      | Noticed a black bear
  1350 | D:3      | XOM: smoke on damage
  1351 | D:3      | Killed a black bear
  1352 | D:3      | Gained mutation: You are partially covered in molten
                  | scales. (AC +2) [demonic ancestry]
  1352 | D:3      | Reached XP level 5. HP: 9/42 MP: 5/5
  1397 | D:3      | XOM: give mutations
  1397 | D:3      | Gained mutation: You are agile. (Dex +4, Str/Int -1) [Xom's
                  | grace]
  1397 | D:3      | Gained mutation: Your natural rate of healing is unusually
                  | fast. [Xom's grace]
  1433 | D:3      | XOM: 2-stop teleportation journey
  1447 | D:3      | XOM: scenery: create altars
  1456 | D:3      | Found a shimmering blue altar of Sif Muna.
  1776 | D:4      | XOM: noise
  1844 | D:4      | Found an opulent altar of Gozag.
  1912 | D:4      | XOM: enchant monster (good)
  1919 | D:4      | Reached skill level 1 in Stealth
  1919 | D:4      | Reached XP level 6. HP: 42/48 MP: 6/6
  1919 | D:4      | XOM: scenery: create altars
  2169 | D:4      | XOM: god gift: long brass wand {god gift}
  2212 | D:4      | XOM: summons friendly white imp
  2215 | D:4      | XOM: divination: detect creatures
  2218 | D:4      | XOM: enchant monster (good)
  2221 | D:4      | XOM: smoke on damage
  2233 | D:4      | HP: 1/49 [kobold/+0 dagger (4)]
  2238 | D:4      | Reached skill level 5 in Axes
  2303 | D:4      | XOM: give mutations
  2303 | D:4      | Gained mutation: Your muscles are strong. (Str +4, Int/Dex
                  | -1) [Xom's grace]
  2303 | D:4      | Gained mutation: You are resistant to electric shocks.
                  | (rElec) [Xom's grace]
  2313 | D:4      | Found a broken altar of Ashenzari.
  2342 | D:4      | Noticed Pikel
  2355 | D:4      | XOM: summons 3 friendly demons
  2362 | D:4      | Killed Pikel
  2363 | D:4      | Reached skill level 5 in Fighting
  2363 | D:4      | Reached XP level 7. HP: 38/56 MP: 7/7
  2635 | D:5      | Entered Level 5 of the Dungeon
  2688 | D:5      | Reached skill level 6 in Axes
  2714 | D:5      | Gained mutation: You regenerate health from kills. [demonic
                  | ancestry]
  2714 | D:5      | Reached XP level 8. HP: 57/62 MP: 8/8
  2738 | D:5      | XOM: polymorph gnoll -> bat
  2841 | D:5      | XOM: smoke on damage
  2948 | D:5      | Identified the amulet "Komedeul" {Faith Int+3} (Xom gifted
                  | it to you on level 5 of the Dungeon)
  2948 | D:5      | XOM: god gift: amulet "Komedeul" {Faith Int+3}
  3503 | D:5      | XOM: god gift: 2 lumpy puce potions {god gift}
  3537 | D:6      | XOM: destruction
  3640 | D:6      | Reached skill level 7 in Axes
  3803 | D:6      | Noticed Eustachio
  3814 | D:6      | XOM: cast spell 'Alistair's Intoxication'
  3816 | D:6      | XOM: summons 4 friendly demons
  3819 | D:6      | Killed Eustachio
  3841 | D:6      | XOM: polymorph shadow imp -> iron imp
  3870 | D:6      | Noticed Prince Ribbit
  3876 | D:6      | Prince Ribbit changed into Prince Ribbit the golden eye
  3876 | D:6      | Noticed Prince Ribbit
  3891 | D:6      | XOM: noise
  3902 | D:6      | XOM: 8-stop teleportation journey
  3990 | D:6      | Reached XP level 9. HP: 33/69 MP: 9/9
  4208 | D:6      | XOM: summons 1 hostile shadow creature
  4290 | D:6      | XOM: potion effect (brilliance)
  4297 | D:6      | XOM: swap monsters
  4299 | D:6      | XOM: fog
  4305 | D:6      | XOM: silly message
  4308 | D:6      | Reached skill level 8 in Axes
  4312 | D:6      | XOM: cleaving
  4342 | D:6      | XOM: divination: magic mapping
  4346 | D:6      | XOM: chaos cloud
  4347 | D:6      | XOM: torment (39/69 hp)
  4355 | D:6      | Killed Prince Ribbit the golden eye
  4551 | D:7      | Noticed a boulder beetle
  4554 | D:7      | a boulder beetle changed into a glowing shapeshifter
  4554 | D:7      | Noticed a glowing shapeshifter
  4554 | D:7      | XOM: polymorph boulder beetle -> glowing shapeshifter
  4555 | D:7      | a glowing shapeshifter changed into a redback
  4626 | D:7      | Found a staircase to the Ecumenical Temple.
  4626 | D:7      | XOM: noise
  4629 | D:7      | XOM: cleaving
  4657 | D:7      | XOM: summons friendly iron imp
  4664 | D:7      | Reached skill level 5 in Stealth
  4665 | D:7      | XOM: 1-stop teleportation journey
  4667 | D:7      | XOM: divination: detect creatures
  4669 | D:7      | XOM: fake destruction
  4734 | D:7      | XOM: god gift: 2 yellow potions {god gift}
  4931 | D:7      | XOM: destruction
  5078 | D:7      | XOM: god gift: 2 scrolls labelled CAJUQE INAPOS {god gift}
  5251 | D:7      | Found a flagged portal.
  5267 | Bailey   | Entered a bailey
  5422 | Bailey   | XOM: summons 7 friendly demons
  5509 | Bailey   | XOM: destruction
  5522 | Bailey   | Reached skill level 9 in Axes
  5523 | Bailey   | HP: 2/71 [orc warrior/+0 glaive (6)]
  5525 | Bailey   | Mangled by an orc warrior

Illustrated notes

Levels and vault maps discovered:
D:1:      tarquinn_simple_flora_water_d, layout_rooms, dk_noncrumbling_4,
          minmay_liquid_box, hangedman_abyss_or_decor_lesser_grid
D:2:      layout_basic
D:3:      layout_loops_ring, lemuel_blue_sif_altar, small_statue_intersection
D:4:      layout_basic, mainiacjoe_overflow_brackets, evilmike_ruin_ashenzari,
          chequers_serial_rivers_small_b, uniq_pikel
D:5:      layout_basic, glass_columns_b
D:6:      layout_basic, uniq_prince_ribbit1, uniq_eustachio
D:7:      layout_layer_cave, temple_doors_e, lightli_bailey_entry_fortress,
          uniq_maggie
Bailey:   bailey_polearm_1, bailey

Skill      XL: |  1  2  3  4  5  6  7  8  9 |
---------------+----------------------------+-----
Axes           | 3 4 5 6 7 9 |  9.0
Armour         | 2 3 |  3.8
Dodging        | 1 2 3 4 |  4.4
Fighting       | 4 5 6 |  6.6
Stealth        | 1 3 4 5 |  5.2
Evocations     | |  0.9

Action                     |  1- 3 |  4- 6 |  7- 9 || total
---------------------------+-------+-------+-------++-------
  Melee: Hand axe          |    65 |   115 |   329 ||   509
         Punch             |       |     2 |     6 ||     8
  Evoke: Piece from Xom's  |       |     2 |       ||     2
         Wand              |       |     2 |       ||     2
   Stab: Petrified         |       |     9 |       ||     9
         Sleeping          |       |       |     4 ||     4
         Distracted        |       |       |     2 ||     2
 Armour: Leather armour    |    27 |    33 |    70 ||   130
  Dodge: Dodged            |    42 |    72 |   216 ||   330

Table legend: (Time is in decaauts)
 A = Elapsed time spent in this place.
 B = Non-inter-level travel time spent in this place.
 C = Inter-level travel time spent in this place.
 D = Time resting spent in this place.
 E = Time spent auto-exploring this place.
 F = Levels seen in this place.
 G = Mean time per level.
                   A        B        C        D        E       F      G
               +--------+--------+--------+--------+--------+-----+--------+
         Total |   5521 |   5157 |    364 |      2 |   3665 |   8 |  690.1 |
       Dungeon |   5259 |   4895 |    364 |      2 |   3603 |   7 |  751.3 |
        Bailey |    262 |    262 |      0 |      0 |     61 |   1 |  262.0 |
               +--------+--------+--------+--------+--------+-----+--------+

Top non-repeatable levels by time:
     D:6: 1085 daAuts
     D:4: 865 daAuts
     D:5: 811 daAuts
     D:7: 708 daAuts
     D:3: 701 daAuts
     D:2: 642 daAuts
     D:1: 445 daAuts
  Bailey: 262 daAuts
